 Dungeon Crawl Stone Soup version 0.20.0-4-g10b340a (webtiles) character file.

132 MDvedh the Chiller (level 5, 0/35 HPs)
             Began as a Merfolk Ice Elementalist on May 27, 2017.
             Was an Initiate of Ashenzari.
             Slain by a gnoll
             ... wielding a +0 flail
              (2 damage)
             ... on level 2 of the Dungeon.
             The game lasted 00:08:33 (3301 turns).

MDvedh the Chiller (Merfolk Ice Elementalist)       Turns: 3301, Time: 00:08:34

Health: 0/35       AC:  3    Str:  8    XL:     5   Next: 15%
Magic:  1/8        EV: 14    Int: 14    God:    Ashenzari [......]
Gold:   82         SH:  0    Dex: 16    Spells: 4/8 levels left

rFire    . . .     SeeInvis .   g - +0 dagger
rCold    . . .     Gourm    .   (no shield)
rNeg     . . .     Faith    .   a - +0 robe
rPois    .         Spirit   .   (no helmet)
rElec    .         Reflect  .   (no cloak)
rCorr    .         Harm     .   (no gloves)
MR       .....                  s - +0 pair of boots
Stlth    ++........             (no amulet)
Regen    0.2/turn               (no ring)
MPRegen  0.2/turn               (no ring)

@: no status effects
A: change form in water, swift swim, stealthy swim
a: Curse Item, Renounce Religion


You were on level 2 of the Dungeon.
You worshipped Ashenzari.
Ashenzari was noncommittal.
You were not hungry.

You visited 1 branch of the dungeon, and saw 2 of its levels.

You collected 82 gold pieces.

Inventory:

Hand Weapons
 g - a +0 dagger (weapon)
Armour
 a - a +0 robe (worn)
 s - a +0 pair of boots (worn)
Jewellery
 u - an uncursed ring of wizardry
Wands
 q - a wand of confusion (27/48)
Scrolls
 e - 2 scrolls of identify
 i - 2 scrolls of magic mapping
 j - a scroll of remove curse
 l - a scroll of noise {unknown}
 n - a scroll of amnesia {unknown}
 o - a scroll of blinking
 p - a scroll of recharging {unknown}
 t - 2 scrolls of immolation {unknown}
Potions
 d - a potion of brilliance {unknown}
 h - a potion of heal wounds {unknown}
 k - a potion of curing
Books
 b - a book of Frost

   Spells                             Type                      Level
   a - Freeze                         Ice                          1
   b - Throw Frost                    Conjuration/Ice              2
   c - Ozocubu's Armour               Charms/Ice                   3
   d - Throw Icicle                   Conjuration/Ice              4
   e - Summon Ice Beast               Ice/Summoning                4
Comestibles
 c - a bread ration
 f - 2 royal jellies
 m - a meat ration
 r - a chunk of flesh


   Skills:
 + Level 3.8 Dodging
 - Level 2.1 Stealth
 - Level 0.9 Unarmed Combat
 + Level 2.2 Spellcasting
   Level 0.7 Conjurations
 + Level 2.0 Charms
 + Level 4.9 Ice Magic


You had 4 spell levels left.
You knew the following spells:

 Your Spells              Type           Power        Failure   Level  Hunger
a - Freeze                Ice            ###.         3%          1    #......
b - Ozocubu's Armour      Chrm/Ice       ##......     17%         3    ###....


Dungeon Overview and Level Annotations

Branches:
Dungeon (2/15)

Altars:
Ashenzari
Hepliaklqana
Uskayaw


Message History

The gnoll is moderately wounded.
The gnoll closely misses you.
Casting: Freeze
Confirm with . or Enter, or press ? or * to list all spells.
Aiming: Freeze
Press: ? - help, Shift-Dir - straight line, f/p - gnoll
Aim: a gnoll, wielding a flail (moderately wounded)
You freeze the gnoll.
The gnoll is heavily wounded.
The gnoll hits you with a flail!
* * * LOW HITPOINT WARNING * * *
Casting: Freeze
Confirm with . or Enter, or press ? or * to list all spells.
Aiming: Freeze
Press: ? - help, Shift-Dir - straight line, f/p - gnoll
Aim: a gnoll, wielding a flail (heavily wounded)
You freeze the gnoll.
The gnoll is almost dead.
The gnoll hits you with a flail.
You die...

# ###.##.....##........*
#####...#.......#........*
........#.......#..######*
.####.....S._......#
#####...#.......#..#
###.....#.....g.#..#
.)..##..##.....##..#
#######.####.####..#
#.......Sg@.)#
##############


You could see a gnoll and an adder.

Vanquished Creatures
  Robin (D:2)
  2 gnolls (D:2)
  An adder (D:2)
  An ooze (D:2)
  A worm (D:2)
  3 dart slugs
  3 leopard geckos
  16 goblins
  9 hobgoblins
  A quokka (D:2)
  2 ball pythons
  7 bats
  4 frilled lizards
  4 kobolds (D:1)
  27 rats
82 creatures vanquished.

Notes
Turn   | Place    | Note
-------+----------+-------------------------------------------
     0 | D:1      | MDvedh the Merfolk Ice Elementalist began the quest for the Orb.
     0 | D:1      | Reached XP level 1. HP: 13/13 MP: 3/3
   168 | D:1      | Reached XP level 2. HP: 8/19 MP: 1/5
   401 | D:1      | Reached skill level 4 in Ice Magic
   873 | D:1      | Reached XP level 3. HP: 15/24 MP: 3/6
   906 | D:1      | Learned a level 3 spell: Ozocubu's Armour
  1970 | D:2      | Reached skill level 1 in Charms
  1994 | D:2      | Found a hide-covered altar of Uskayaw.
  2018 | D:2      | Reached XP level 4. HP: 26/30 MP: 2/7
  2082 | D:2      | Found a hazy altar of Hepliaklqana.
  2294 | D:2      | Noticed Robin
  2328 | D:2      | HP: 1/30 [Robin/spear (5)]
  2853 | D:2      | Found a shattered altar of Ashenzari.
  2888 | D:2      | Became a worshipper of Ashenzari the Shackled
  2973 | D:2      | Killed Robin
  3001 | D:2      | Reached XP level 5. HP: 13/35 MP: 2/8
  3301 | D:2      | Slain by a gnoll

Skill      XL: |  1  2  3  4  5 |
---------------+----------------+-----
Ice Magic      | 4 |  4.9
Dodging        | 3 |  3.8
Charms         | 1 2 |  2.0
Stealth        | |  2.1
Unarmed Combat | |  0.9
Spellcasting   | |  2.2
Conjurations   | |  0.7

Action                   |  1- 3 |  4- 6 || total
-------------------------+-------+-------++-------
Melee: Unarmed           |    51 |       ||    51
       Punch             |     1 |       ||     1
       Dagger            |    86 |    92 ||   178
 Cast: Freeze            |    32 |    52 ||    84
       Ozocubu's Armour  |     2 |     3 ||     5
  Use: Scroll            |       |     4 ||     4
       Potion            |       |     1 ||     1
 Stab: Sleeping          |     1 |     2 ||     3
  Eat: Chunk             |     4 |     6 ||    10
Armor: Robe              |    18 |    69 ||    87
Dodge: Dodged            |   112 |   176 ||   288
